AoeStats
← 百足ノ舞

Arena

506084050Analyzed
3v3 RM · 21d ago on Sep 12, 2026· 49m 21s· 6 players
Game mode
Random Map
Map size
Normal (6 player)
Population
200
Speed
Normal
Resources
Standard
Victory
Conquest
Starting age
Dark Age
Ending age
Imperial Age
RankedLock teamsTeams togetherTeam positionsShared explorationLock speedFull tech treeHidden civsTurbo modeCheats
Victory
Defeat
🇹🇼 Chinese · Taiwan
901
+15
🇩🇪 Franks · Germany
880
+15
🇵🇰 Mongols · Pakistan
872
+16
🇩🇪 Goths · Germany
1077
-22
🇪🇸 Celts · Spain
903
-17
🇪🇸 Chinese · Spain
624
-7
百足ノ舞
0:38 Loom
12:48 Feudal Age
13:12 Horse Collar
13:20 Double-Bit Axe
13:02 Man-at-Arms
17:29 Forging
17:19 Scale Mail Armor
21:05 Castle Age
19:10 Fletching
22:03 Squires
21:24 Pikeman
22:08 Heavy Plow
22:24 Bow Saw
24:10 Bodkin Arrow
26:49 Iron Casting
26:31 Chain Mail Armor
36:22 Imperial Age
33:44 Long Swordsman
37:28 Perfusion
38:14 Crop Rotation
penpikei
0:36 Loom
12:21 Feudal Age
12:52 Horse Collar
13:01 Double-Bit Axe
23:01 Castle Age
21:06 Scale Mail Armor
21:13 Stone Mining
22:03 Gold Mining
22:58 Forging
24:20 Wheelbarrow
23:30 Town Watch
24:08 Heavy Plow
25:14 Arson
29:46 Stronghold
35:04 Treadmill Crane
40:36 Imperial Age
39:09 Fortified Wall
39:20 Ballistics
39:11 Masonry
39:41 Pikeman
41:14 Gold Shaft Mining
42:25 Iron Casting
42:05 Chain Mail Armor
41:41 Fletching
43:21 Conscription
44:37 Blast Furnace
44:45 Hand Cart
47:46 Hoardings
47:00 Sappers
48:43 Furor Celtica
48:42 Elite Woad Raider
GeorgeStromberg
0:42 Loom
9:16 Feudal Age
20:37 Castle Age
20:08 Double-Bit Axe
21:26 Fletching
21:09 Crossbowman
26:21 Thumb Ring
30:09 Ballistics
31:03 Bodkin Arrow
31:25 Great Wall
31:50 Fortified Wall
32:25 Squires
33:34 Wheelbarrow
32:47 Town Watch
33:18 Forging
39:03 Padded Archer Armor
42:14 Imperial Age
41:43 Iron Casting
43:56 Conscription
43:49 Elite Chu Ko Nu
SalBaKiz
8:59 Loom
12:40 Feudal Age
16:43 Castle Age
15:06 Double-Bit Axe
16:23 Scale Barding Armor
18:53 Bow Saw
21:28 Wheelbarrow
20:39 Town Watch
24:01 Chain Barding Armor
23:52 Forging
26:59 Hand Cart
31:41 Imperial Age
31:32 Iron Casting
32:57 Husbandry
33:27 Caravan
33:40 Cavalier
34:41 Town Patrol
35:20 Plate Barding Armor
34:51 Gold Mining
34:51 Stone Mining
36:16 Murder Holes
36:32 Fortified Wall
37:24 Chemistry
36:31 Siege Engineers
36:36 Masonry
37:34 Blast Furnace
38:28 Hoardings
39:49 Gold Shaft Mining
38:55 Paladin
40:46 Elite Throwing Axeman
42:47 #83
42:48 Conscription
43:23 Chivalry
44:52 Ballistics
45:03 Architecture
44:30 Guard Tower
44:26 Arrowslits
44:36 Fletching
44:48 Padded Archer Armor
44:50 Scale Mail Armor
jeffhou47
13:18 Feudal Age
14:16 Double-Bit Axe
14:13 Horse Collar
18:48 Gold Mining
18:50 Stone Mining
24:23 Castle Age
24:37 Crossbowman
24:38 Pikeman
26:52 Fletching
27:02 Padded Archer Armor
27:57 Gold Shaft Mining
27:25 Heavy Plow
32:53 Imperial Age
30:42 Fortified Wall
30:32 Man-at-Arms
32:22 Long Swordsman
33:32 Two-Handed Swordsman
34:40 Ballistics
34:18 Arbalester
35:28 Murder Holes
38:14 Cavalier
40:34 Halberdier
44:56 Chemistry
43:23 Champion
YellowHaze
2:12 Loom
11:32 Feudal Age
12:35 Double-Bit Axe
12:44 Gold Mining
14:35 Man-at-Arms
18:33 Fletching
20:29 Forging
20:31 Scale Barding Armor
21:08 Horse Collar
25:08 Stone Mining
28:08 Castle Age
27:02 Scale Mail Armor
28:25 Long Swordsman
29:44 Iron Casting
30:15 Bow Saw
31:33 Squires
32:38 Gold Shaft Mining
33:37 Chain Mail Armor
34:42 Wheelbarrow
41:57 Bodkin Arrow
42:03 Padded Archer Armor
43:27 Ballistics
44:46 Leather Archer Armor
47:23 Imperial Age
46:32 Thumb Ring
48:02 Elite Mangudai
48:46 Bracer
49:49 Chemistry
49:26 Parthian Tactics
Connection lost

Rejoining the realm…

Still unreachable

The connection could not be restored.

Session expired

The server has moved on; the page needs a fresh start.